 Dungeon Crawl Stone Soup version 0.21-a0-421-gfc1ce30 (webtiles) character file.

23 dwormar the Grave Robber (level 2, -1/20 HPs)
             Began as a Demonspawn Necromancer on Nov 4, 2017.
             Slain by an adder (4 damage)
             ... on level 2 of the Dungeon.
             The game lasted 00:06:32 (1544 turns).

dwormar the Grave Robber (Demonspawn Necromancer)   Turns: 1544, Time: 00:06:32

Health: -1/20      AC:  3    Str:  8    XL:     2   Next: 75%
Magic:  5/5        EV: 12    Int: 16    God:
Gold:   80         SH:  0    Dex: 13    Spells: 3/5 levels left

rFire    . . .     SeeInvis .   k - +0 club
rCold    . . .     Gourm    .   (no shield)
rNeg     . . .     Faith    .   a - +0 robe
rPois    .         Spirit   .   (no helmet)
rElec    .         Reflect  .   (no cloak)
rCorr    .         Harm     .   g - +0 pair of gloves
MR       .....                  (no boots)
Stlth    ++........             (no amulet)
HPRegen  0.06/turn              (no ring)
MPRegen  0.09/turn              (no ring)

@: lethally poisoned (-1 -> -8)
A: talons 1
a: no special abilities


You were on level 2 of the Dungeon.
You were not hungry.

You visited 1 branch of the dungeon, and saw 2 of its levels.

You collected 80 gold pieces.

Inventory:

Hand Weapons
 e - a +0 mace
 k - a +0 club (weapon)
Armour
 a - a +0 robe (worn)
 g - a +0 pair of gloves (worn)
Scrolls
 d - 4 scrolls of identify {unknown}
 j - a scroll of magic mapping {unknown}
Potions
 f - a potion of agility {unknown}
 h - a potion of brilliance {unknown}
 i - a potion of degeneration {unknown}
 m - a potion of mutation {unknown}
Books
 b - a book of Necromancy

   Spells                             Type                      Level
   a - Pain                           Necromancy                   1
   b - Animate Skeleton               Necromancy                   1
   c - Vampiric Draining              Necromancy                   3
   d - Regeneration                   Charms/Necromancy            3
   e - Animate Dead                   Necromancy                   4
   f - Control Undead                 Necromancy                   4
Comestibles
 c - 2 bread rations
 l - 4 fruits


   Skills:
 + Level 0.5 Fighting
 + Level 0.2 Maces & Flails
 + Level 1.9 Dodging
 + Level 1.9 Stealth
 + Level 0.1 Unarmed Combat
 + Level 2.0 Spellcasting
 + Level 4.9 Necromancy


You had 3 spell levels left.
You knew the following spells:

 Your Spells              Type           Power        Failure   Level  Hunger
a - Pain                  Necr           ###.         2%          1    #......
b - Animate Skeleton      Necr           N/A          2%          1    #......


Dungeon Overview and Level Annotations

Branches:
Dungeon (2/15)

Altars:


Innate Abilities, Weirdness & Mutations

You have sharp toenails.


Message History

You feel sick. The adder bites you.
You are lethally poisoned!
The adder poisons you! The adder closely misses you.
You completely miss the adder. Your kick misses the adder.
The adder is lightly wounded.
You feel sick. The adder bites you. The adder bites you but does no damage.
You closely miss the adder. Your kick misses the adder.
The adder is lightly wounded.
You feel sick. The adder completely misses you.
You hit the adder but do no damage. Your kick misses the adder.
The adder is lightly wounded.
* * * LOW HITPOINT WARNING * * *
You feel sick. The adder bites you.
* * * LOW HITPOINT WARNING * * *
The adder barely misses you.
You closely miss the adder. Your kick misses the adder.
The adder is lightly wounded.
* * * LOW HITPOINT WARNING * * *
You feel sick. The adder bites you.
You die...

#. #># #.# # #.#
#. .. #.#
#.#####g..< #.#
#...S.....<
####.######@#
######...........#
.......#..########
.......#.##
.......#.#######
................
...............#
.......#######.#
.......##


You could see an adder and a goblin.

Vanquished Creatures
  A leopard gecko (D:2)
  7 goblins
  A hobgoblin (D:1)
  2 jackals (D:1)
  A quokka (D:2)
  3 bats (D:1)
  A frilled lizard (D:1)
  A kobold (D:1)
  5 rats
22 creatures vanquished.

Notes
Turn   | Place    | Note
-------+----------+-------------------------------------------
     0 | D:1      | dwormar the Demonspawn Necromancer began the quest for the Orb.
     0 | D:1      | Reached XP level 1. HP: 13/13 MP: 3/3
   114 | D:1      | Learned a level 1 spell: Animate Skeleton
   469 | D:1      | Gained mutation: You have sharp toenails. [demonic ancestry]
   469 | D:1      | Reached XP level 2. HP: 7/19 MP: 5/5
  1544 | D:2      | Slain by an adder

Vault maps used:
D:1:      evilmike_arrival_fibonacci_small
D:2:      lightli_corner_chamber, uniq_terence

Action                   || total
-------------------------++-------
Melee: Mace              ||    47
       Unarmed           ||    18
       Club              ||    21
       Kick              ||     8
 Cast: Animate Skeleton  ||     2
  Eat: Chunk             ||     2
Armor: Robe              ||    29
Dodge: Dodged            ||    71

Table legend:
 A = Spawn XP
 B = Non-spawn XP
 C = Spawn XP percentage of total XP
 D = Spawn monster count
 E = Non-spawn monster count
 F = Spawn count percentage of total count
 G = Total turns spent on level
                    A         B        C        D         E        F      G
               +---------+---------+-------+---------+---------+-------+---------
         Total |       0 |      34 |   0.0 |       0 |      22 |   0.0 |  1544
               +---------+---------+-------+---------+---------+-------+---------
           D:1 |       0 |      25 |   0.0 |       0 |      17 |   0.0 |  1378
           D:2 |       0 |       9 |   0.0 |       0 |       5 |   0.0 |   166
               +---------+---------+-------+---------+---------+-------+---------
